Description

This is a timing attack that gives you a good chance of keeping your opponent on 1 base or killing him completely. Watch out for the reaper, bunkers and try to get vision so you can corrosive bile on the supply depots or bunkers. Cyclones and Tanks are good against this.

Replays:

vs reaper expand opening: https://lotv.spawningtool.com/34312/ https://lotv.spawningtool.com/34320/

vs ghost opening: https://lotv.spawningtool.com/34311/

vs reaper+early tank on highground(no cc because scout saw lings): https://lotv.spawningtool.com/34314/ https://lotv.spawningtool.com/34321/

Or Check out my stream while i play it: http://www.twitch.tv/fetzer

VOD

https://www.twitch.tv/videos/229566140

Replay - Blackpink LE (252)

Build Order

Get SALT Encoding   

  14  0:12  Extractor  
  14  0:32  Spawning Pool  
  14  0:33  Action  3 workers on gas
  14  0:44  Overlord  
  15  1:18  Zergling x6  move outside of main path because of reaper, try to kill the command center
  19  1:25  Roach Warren  
  17  1:30  Queen  
  19  1:38  Overlord  
  19  2:04  Roach x3  
  25  2:23  Ravager x3  pull workers of gas and macro behind while attacking!
  28  2:40  Action  pull workers of gas & macro
Spawning Tool Build Advisor. Get it on Overwolf

Analysis

Try to not lose your lings to Reaper, kill the lowground CC, kill some supply depots and maybe bunkers or workers if you have the chance.

While you only have lings: try to not lose them all to reaper! But you can sack them to destroy lowground CC that is building! But don't use them to break the wall while they are being shot by reaper! If shot by marines pull them out when they low hp

While you also have ravagers: try to kill any of this if it is reachable: - Command Center - Supply Depots - Workers

If they pull all workers you need to watch out to not get surrounded! Stutter step too!

Go to:

Details

  • Created by: Fetzer     
  • Published on: Feb 11, 2018
  • Modified on: Feb 16, 2018
  • Patch: 4.0.0
Show
View Real Time Build Order
Export as new Build Order

Comments (0)

There are no comments. Be the first!

Create an account to comment!